Map: Ever Dream LE

Players

nangoo - Winner!

  • Race: Terran Terran
  • League: Diamond
  • Spawn Location: 7:00

ChronoS

  • Race: Zerg Zerg
  • Spawn Location: 1:00

VOD

Have the link to the VOD?

Description

Time

  • Played on: Aug. 1, 2020, 12:31 a.m.
  • Length: 11:44
Show
View Real Time Build Order
Export as new Build Order

nangoo Terran - Winner!

Build Orders:  

Get SALT Encoding   

  12  0:00  SCV  
  13  0:12  SCV  
  14  0:20  Supply Depot  
  14  0:25  Refinery  
  14  0:28  SCV  
  15  0:41  SCV  
  16  0:45  Barracks  
  16  0:54  SCV  
  17  1:06  SCV  
  18  1:19  SCV  
  19  1:32  Orbital Command  
  19  1:35  Factory  
  19  1:45  Barracks Reactor, Supply Depot  
  19  1:57  SCV  
  20  2:09  Command Center  
  20  2:16  SCV  
  20  2:18  Factory Tech Lab  
  20  2:21  Marine x2  
  23  2:28  SCV, Supply Depot  
  24  2:39  Marine  
  24  2:40  Marine  
  24  2:41  SCV  
  24  2:42  Siege Tank  
  30  2:53  SCV  
  30  2:56  Marine  
  30  2:57  Marine  
  33  3:05  SCV  
  34  3:14  Refinery  
  34  3:17  SCV  
  35  3:29  SCV  
  35  3:32  Refinery  
  35  3:33  Command Center  
  36  3:43  Refinery  
  36  3:47  SCV  
  37  3:52  Orbital Command  
  37  3:59  SCV  
  38  4:05  Marine x2  
  40  4:11  SCV  
  41  4:17  SCV  
  41  4:21  Engineering Bay  
  41  4:23  SCV  
  43  4:31  Bunker  
  43  4:32  Siege Tank  
  43  4:34  SCV  
  43  4:35  SCV  
  48  4:47  SCV  
  48  4:48  SCV  
  48  4:51  Missile Turret  
  48  4:52  Supply Depot  
  50  4:55  Neosteel Armor  
  50  5:02  Starport  
  50  5:09  Planetary Fortress  
  50  5:11  SCV x2  
  52  5:28  Refinery, Bunker  
  52  5:30  SCV  
  52  5:32  Supply Depot  
  52  5:33  Refinery  
  53  5:38  Missile Turret, SCV  
  53  5:42  SCV, Starport Tech Lab  
  55  5:48  SCV  
  56  5:50  SCV  
  56  5:54  SCV  
  58  6:00  SCV  
  58  6:02  Fusion Core, SCV  
  60  6:06  SCV  
  61  6:11  Missile Turret  
  61  6:12  SCV  
  61  6:14  SCV  
  61  6:17  Missile Turret  
  64  6:18  SCV  
  64  6:24  SCV  
  65  6:31  SCV  
  65  6:32  Missile Turret, Starport  
  66  6:34  SCV  
  66  6:36  SCV  
  68  6:41  Armory  
  68  6:43  SCV  
  68  6:46  SCV  
  70  6:49  Battlecruiser  
  70  6:53  SCV  
  77  6:55  SCV  
  77  6:58  SCV  
  79  7:12  Starport Tech Lab  
  79  7:14  SCV  
  79  7:20  SCV  
  79  7:22  Starport  
  80  7:27  SCV x2  
  80  7:29  Weapon Refit  
  82  7:32  SCV  
  83  7:37  Command Center, Supply Depot  
  83  7:40  Battlecruiser, Supply Depot  
  89  7:45  Hi-Sec Auto Tracking, Supply Depot  
  89  7:49  Supply Depot  
  89  7:59  Battlecruiser, Starport Tech Lab  
  95  8:14  Supply Depot  
  94  8:24  Command Center  
  94  8:25  Missile Turret  
  94  8:29  Missile Turret x2  
  94  8:34  Terran Ship Weapons Level 1  
  94  8:35  Missile Turret  
  94  8:38  Armory  
  94  8:42  Battlecruiser  
  94  8:47  Missile Turret  
  100  8:59  SCV, Battlecruiser  
  107  9:11  Starport  
  107  9:21  Battlecruiser  
  113  9:28  Supply Depot  
  113  9:34  Supply Depot  
  113  9:46  Battlecruiser  
  113  9:48  Starport Tech Lab  
  113  9:50  Terran Vehicle And Ship Armor Level 1  
  113  9:52  Supply Depot  
  119  9:53  Supply Depot  
  119  10:03  Viking  
  121  10:07  Starport  
  121  10:14  Planetary Fortress  
  121  10:15  SCV  
  122  10:23  SCV  
  122  10:25  Battlecruiser  
  122  10:26  Battlecruiser  
  135  10:30  Planetary Fortress  
  135  10:32  SCV x2  
  135  10:35  Battlecruiser  
  143  10:41  Supply Depot  
  143  10:51  Refinery  
  143  10:55  Refinery  
  143  10:58  Starport Reactor  
  143  10:59  Missile Turret x2  
  143  11:01  Missile Turret  
  143  11:03  Missile Turret  
  144  11:24  Missile Turret  
Show
View Real Time Build Order
Export as new Build Order

ChronoS Zerg 

Build Orders: Hatch First 

Get SALT Encoding   

  12  0:00  Drone  
  13  0:12  Overlord  
  13  0:16  Drone  
  14  0:30  Drone x2  
  14  0:34  Drone  
  17  0:52  Hatchery  
  17  0:55  Drone  
  17  0:58  Drone  
  18  1:10  Extractor  
  17  1:12  Spawning Pool  
  17  1:16  Drone  
  17  1:19  Drone  
  18  1:29  Drone  
  19  1:38  Overlord  
  19  1:49  Drone  
  20  1:59  Queen  
  20  2:00  Zergling x2  
  23  2:04  Queen  
  23  2:05  Zergling x2  
  26  2:09  Metabolic Boost  
  26  2:10  Drone  
  27  2:17  Drone  
  27  2:21  Drone  
  29  2:28  Drone  
  30  2:34  Queen  
  32  2:39  Queen  
  32  2:41  Overlord  
  32  2:43  Overlord  
  34  3:00  Hatchery  
  34  3:04  Drone x2  
  34  3:05  Drone  
  35  3:07  Drone  
  35  3:09  Drone  
  35  3:10  Drone  
  38  3:16  Drone x2  
  38  3:18  Drone  
  41  3:20  Drone  
  41  3:22  Drone  
  43  3:28  Extractor  
  42  3:35  Roach Warren  
  41  3:43  Overlord x3  
  40  4:18  Roach x10  
  40  4:19  Roach  
  62  4:24  Zergling x2  
  62  4:25  Zergling x10  
  68  4:42  Overlord x2  
  68  4:44  Zergling x6  
  71  5:02  Drone  
  71  5:03  Drone x11  
  82  5:19  Lair  
  82  5:24  Drone x3, Evolution Chamber x2  
  82  5:26  Baneling Nest  
  82  5:27  Drone x2  
  84  5:31  Drone x2  
  84  5:34  Drone, Overlord  
  87  5:43  Queen  
  89  5:52  Overlord x2  
  89  5:54  Zerg Ground Armor Level 1, Zerg Melee Weapons Level 1  
  89  5:58  Drone x4  
  93  6:10  Overlord  
  93  6:11  Overlord  
  93  6:16  Centrifical Hooks  
  93  6:28  Zergling x2  
  93  6:29  Zergling x24  
  93  6:30  Hatchery  
  105  6:37  Spire  
  104  6:41  Drone x2  
  104  6:42  Drone x3  
  104  6:44  Drone  
  110  6:47  Drone, Extractor  
  111  7:08  Zergling x8  
  111  7:09  Zergling x6  
  111  7:10  Extractor  
  111  7:11  Extractor  
  115  7:16  Hatchery  
  115  7:22  Drone x4  
  118  7:23  Drone  
  118  7:25  Drone, Extractor  
  118  7:26  Drone x4  
  123  7:34  Ravager x4  
  123  7:35  Ravager  
  128  7:38  Overlord x3  
  128  7:39  Overlord x2  
  128  7:47  Drone x3  
  128  7:49  Drone x5  
  136  7:59  Drone x2  
  136  8:00  Drone x3  
  136  8:02  Baneling x7  
  136  8:03  Baneling x7  
  136  8:05  Baneling  
  141  8:06  Baneling  
  141  8:23  Drone  
  141  8:24  Drone x11  
  141  8:25  Queen  
  141  8:26  Extractor  
  141  8:27  Extractor  
  153  8:32  Overlord x3  
  153  8:34  Zerg Melee Weapons Level 2, Zerg Ground Armor Level 2  
  153  8:38  Infestation Pit  
  152  9:04  Hatchery  
  152  9:06  Pneumatized Carapace  
  152  9:09  Hatchery  
  150  9:15  Hive  
  150  9:17  Hatchery  
  149  9:38  Pathogen Glands, Burrow  
  149  10:24  Baneling x13  
  149  10:25  Baneling x3  
  149  10:28  Ultralisk Cavern, Greater Spire  
  149  10:29  Extractor  
  149  10:31  Extractor  
  127  11:26  Overlord  
Tags
 
League
Diamond
Matchup
TvZ
Spawn Locations
Cross Positions
Add a new tag
Caveats
  • Supply blocks, unpowered buildings, or Contaminate may cause inaccurate times.
  • Supply counts are checked every 10 seconds.